 Dungeon Crawl Stone Soup version 0.20.1-1-g8b1a95d (webtiles) character file.

34 Zedayar the Sneak (level 3, 0/18 HPs)
             Began as a Spriggan Assassin on Sept 4, 2017.
             Slain by a hobgoblin
             ... wielding a +0 club
              (3 damage)
             ... on level 2 of the Dungeon.
             The game lasted 00:03:44 (912 turns).

Zedayar the Sneak (Spriggan Assassin)                Turns: 912, Time: 00:03:45

Health: 0/18       AC:  3    Str:  7    XL:     3   Next: 14%
Magic:  4/4        EV: 17    Int: 12    God:
Gold:   70         SH:  0    Dex: 18    Spells: 2/2 levels left

rFire    . . .     SeeInvis +   a - +2 dagger
rCold    . . .     Gourm    .   (shield restricted)
rNeg     . . .     Faith    .   c - +0 robe
rPois    .         Spirit   .   (helmet restricted)
rElec    .         Reflect  .   d - +0 cloak
rCorr    .         Harm     .   (gloves unavailable)
MR       .....                  (boots unavailable)
Stlth    ++++......             (no amulet)
Regen    0.1/turn               (no ring)
MPRegen  0.1/turn               (no ring)

@: very quick
A: unfitting armour, see invisible, herbivore 3, speed 3, slow metabolism 2
a: no special abilities


You were on level 2 of the Dungeon.
You were not hungry.

You visited 1 branch of the dungeon, and saw 2 of its levels.

You collected 70 gold pieces.

Inventory:

Hand Weapons
 a - a +2 dagger (weapon)
 b - a +0 blowgun
Missiles
 e - 8 poisoned needles
 f - 2 curare-tipped needles
Armour
 c - a +0 robe (worn)
 d - a +0 cloak (worn)
Scrolls
 h - a scroll of identify {unknown}
 j - a scroll of fog {unknown}
 n - a scroll of random uselessness {unknown}
Potions
 i - a potion of degeneration {unknown}
 k - 2 potions of resistance {unknown}
 l - a potion of berserk rage {unknown}
 o - a potion of lignification {unknown}
 p - 2 potions of invisibility {unknown}
Comestibles
 g - a bread ration
 m - a royal jelly


   Skills:
 + Level 1.6 Fighting
 + Level 2.1 Short Blades
 + Level 2.0 Throwing
 + Level 1.5 Dodging
 * Level 7.5 Stealth


You had 2 spell levels left.
You didn't know any spells.

Dungeon Overview and Level Annotations

Branches:
Dungeon (2/15)

Altars:


Innate Abilities, Weirdness & Mutations

You are very small and have problems with some larger weapons.
You are too small for most types of armour.
You have supernaturally acute eyesight. (SInv)
You are a herbivore.
You cover ground extremely quickly.
You need consume almost no food.


Message History

The hobgoblin is moderately wounded.
The bat closely misses you.
The hobgoblin hits you but does no damage.
You hit the hobgoblin but do no damage.
The hobgoblin is moderately wounded.
The bat completely misses you. The hobgoblin hits you with a club.
The hobgoblin closely misses you.
You hit the hobgoblin.
The hobgoblin is heavily wounded.
The bat closely misses you. The hobgoblin hits you with a club.
The hobgoblin closely misses you.
You hit the hobgoblin but do no damage.
The hobgoblin is heavily wounded.
The bat barely misses you. The hobgoblin misses you. The bat hits you.
You hit the hobgoblin but do no damage.
The hobgoblin is heavily wounded.
The bat hits you but does no damage. The hobgoblin hits you with a club.
* * * LOW HITPOINT WARNING * * *
The bat misses you. The hobgoblin hits you with a club.
You die...

..................
...#.............
##.###....##.......
#
#......g..######...
#.#..###....<# #...
#.#..###....## ####
#...##......#
###b##.##...#
#g@gg.#...#
#######...# #####


You could see 3 hobgoblins and a bat.

Vanquished Creatures
  A gnoll (D:1)
  An ooze (D:1)
  A dart slug (D:1)
  2 bats (D:1)
  3 hobgoblins
  2 frilled lizards
  2 goblins (D:1)
  2 kobolds (D:1)
  7 rats
21 creatures vanquished.

Notes
Turn   | Place    | Note
-------+----------+-------------------------------------------
     0 | D:1      | Zedayar the Spriggan Assassin began the quest for the Orb.
     0 | D:1      | Reached XP level 1. HP: 10/10 MP: 2/2
    49 | D:1      | Reached skill level 6 in Stealth
    53 | D:1      | Reached XP level 2. HP: 14/14 MP: 3/3
   196 | D:1      | Reached skill level 7 in Stealth
   520 | D:1      | Reached XP level 3. HP: 7/18 MP: 4/4
   912 | D:2      | Slain by a hobgoblin

Skill      XL: |  1  2 |
---------------+-------+-----
Stealth        | 6 7 |  7.5
Fighting       | |  1.6
Short Blades   | |  2.1
Throwing       | |  2.0
Dodging        | |  1.5

Action                   || total
-------------------------++-------
Melee: Dagger            ||    54
 Stab: Sleeping          ||     8
Armor: Robe              ||     7
Dodge: Dodged            ||    40
